 Dungeon Crawl Stone Soup version 0.25-a0-346-g140ab784a8 (webtiles) character file.

Game seed: 9932756572034276066, levelgen mode: classic

12364 Borgoz the Cruncher (level 11, -2/72 HPs)
             Began as a Gargoyle Gladiator on Dec 31, 2019.
             Was a High Priest of Makhleb.
             Killed from afar by an ice statue (5 damage)
             ... with a shard of ice
             ... in an ice cave.
             The game lasted 00:22:19 (11797 turns).

Borgoz the Cruncher (Gargoyle Gladiator)           Turns: 11797, Time: 00:22:19

Health: -2/72      AC: 29    Str: 21    XL:     11   Next: 92%
Magic:  14/14      EV: 14    Int:  9    God:    Makhleb [*****.]
Gold:   577        SH:  0    Dex: 11    Spells: 10/10 levels left

rFire    . . .     SeeInvis .   a - +0 quarterstaff
rCold    . . .     Gourm    .   (shield currently unavailable)
rNeg     + + .     Faith    .   J - +4 scale mail
rPois    ∞         Spirit   .   c - +0 helmet
rElec    +         Reflect  .   E - +2 cloak
rCorr    +         Harm     .   p - +1 pair of gloves
MR       .....                  z - +0 pair of boots (curse)
Stlth    ..........             m - amulet of rage
HPRegen  0.22/turn              H - ring of resist corrosion
MPRegen  0.14/turn              y - ring of positive energy

@: no status effects
A: negative energy resistance 1, electricity resistance, unbreathing,
petrification resistance, rot immunity, AC +8
a: Minor Destruction, Lesser Servant of Makhleb, Major Destruction, Greater
Servant of Makhleb, Renounce Religion, Evoke Berserk Rage


You were in an ice cave.
You worshipped Makhleb.
Makhleb was extremely pleased with you.
You were not hungry.

You visited 3 branches of the dungeon, and saw 11 of its levels.
You also visited: Sewer and Ice Cave.

You collected 577 gold pieces.

Inventory:

Hand Weapons
 a - a +0 quarterstaff (weapon)
 F - a +4 quarterstaff of chaos
Missiles
 d - 5 throwing nets (quivered)
Armour
 c - a +0 helmet (worn)
 p - a +1 pair of gloves (worn)
 z - a cursed +0 pair of boots (worn)
 E - a +2 cloak (worn)
 J - a +4 scale mail (worn)
Jewellery
 m - an amulet of rage (around neck)
 y - a ring of positive energy (right hand)
 H - a ring of resist corrosion (left hand)
 K - an uncursed ring of resist corrosion
Wands
 i - a wand of enslavement (5)
 l - a wand of acid (13)
 n - a wand of digging (6)
 x - a wand of random effects (14)
 A - a wand of polymorph (7)
Scrolls
 h - a scroll of silence {unknown}
 j - 2 scrolls of teleportation
 k - 3 scrolls of enchant armour
 q - a scroll of magic mapping
 r - a scroll of summoning {unknown}
 v - 3 scrolls of blinking {unknown}
 w - 2 scrolls of fog
 G - 3 scrolls of remove curse
 I - a scroll of fear {unknown}
Potions
 e - 2 potions of lignification
 g - 5 potions of flight
 o - a potion of magic
 t - 2 potions of invisibility
 u - a potion of heal wounds
 B - 3 potions of curing {unknown}
 C - 2 potions of mutation {unknown}
 D - 2 potions of brilliance {unknown}
Comestibles
 f - 12 rations


   Skills:
 + Level 9.9 Fighting
 + Level 10.9 Staves
 - Level 1.7 Throwing
 + Level 9.5 Armour
 + Level 8.9 Dodging
 + Level 4.2 Evocations


You had 10 spell levels left.
You didn't know any spells.
Your spell library contained the following spells:

 Spells                   Type           Power        Failure   Level  Hunger
 Beastly Appendage        Tmut           #.....       67%         1    ##.....
 Magic Dart               Conj           #...         67%         1    ##.....
 Summon Small Mammal      Summ           #...         67%         1    ##.....
 Blink                    Tloc           N/A          80%         2    ###....
 Call Imp                 Summ           #.......     80%         2    ###....
 Poisonous Vapours        Pois/Air       #.....       80%         2    ###....
 Slow                     Hex            #.......     80%         2    ###....
 Sticks to Snakes         Tmut           #.......     80%         2    ###....
 Call Canine Familiar     Summ           #.......     95%         3    ####...
 Conjure Flame            Conj/Fire      #.......     95%         3    ####...
 Mephitic Cloud           Conj/Pois/Air  #.......     95%         3    ####...
 Spider Form              Tmut/Pois      #.........   95%         3    ####...
 Summon Guardian Golem    Hex/Summ       #.......     95%         3    ####...
 Ice Form                 Ice/Tmut       #.......     100%        4    #####..
 Summon Ice Beast         Ice/Summ       #.......     100%        4    #####..
 Summon Lightning Spire   Summ/Air       #.......     100%        4    #####..
 Blade Hands              Tmut           #.........   100%        5    ######.
 Silence                  Hex/Air        #.........   100%        5    ######.
 Conjure Ball Lightning   Conj/Air       #.........   100%        6    #######
 Deflect Missiles         Chrm/Air       #.........   100%        6    #######
 Freezing Cloud           Conj/Ice/Air   #.........   100%        6    #######
 Ring of Flames           Chrm/Fire      #.........   100%        7    #######
 Tornado                  Air            #.........   100%        9    #######


Dungeon Overview and Level Annotations

Branches:
Dungeon (9/15)             Temple (1/1) D:5            Lair (1/6) D:9
  Sewer (visited)           IceCv (1/1)
    Orc: D:9-12

Altars:
Ashenzari
Cheibriados
Dithmenos
Elyvilon
Fedhas
Gozag
Hepliaklqana
Kikubaaqudgha
Makhleb
Nemelex Xobeh
Okawaru
Qazlal
Ru
Sif Muna
Trog
Uskayaw
Vehumet
Wu Jian
Xom
Yredelemnul
Zin
The Shining One

Annotations:
D:4 2 transporters, olaf's ghost, amateur DsAK IceCv exclusion: ice statue


Innate Abilities, Weirdness & Mutations

You are resistant to torment.
Your stone body is resilient. (AC +8)
You are immune to poison.
You resist negative energy. (rN+)
You are resistant to electric shocks. (rElec)
You can survive without breathing.
You are immune to petrification.
You are immune to rotting.


Message History

The ice statue is almost destroyed.
You hit the ice statue but do no damage.
The ice statue is almost destroyed.
You hit the ice statue but do no damage.
The ice statue is almost destroyed.
The ice statue gestures at you. The freezing blast engulfs you!!
* * * LOW HITPOINT WARNING * * *
You hit the ice statue but do no damage.
The ice statue is almost destroyed.
You are engulfed in freezing vapours.
* * * LOW HITPOINT WARNING * * *
Unknown command.
You are engulfed in freezing vapours.
* * * LOW HITPOINT WARNING * * *
The ice statue gestures at you. The bolt of cold misses you.
The ice statue gestures at you. The shard of ice hits you.
You die...

## ############# #### .##
##..).(#.....## #..[$
..###......#......## .....
...#.......#.......#......
...#.......#.....°.#☼.....
∩...............○☼°8......
...#.......#....○☼☼#......
...#.......#.....°○#......
..###......#....@.## .....
.## ##..)..#.....## #..%"
## ############# ####


You could see an ice statue.

Vanquished Creatures
  A hydra (Lair:1)
  Harold (Lair:1)
  An ugly thing (IceCv)
  2 black mambas (Lair:1)
  2 ice statues (IceCv)
  2 komodo dragons
  A troll (D:9)
  A hornet (D:8)
  Grinder (D:6)
  3 blink frogs (Lair:1)
  4 hippogriffs
  Eustachio (D:5)
  A vampire (D:9)
  3 yaks (D:6)
  A steam dragon (D:8)
  Duvessa (D:6)
  A porcupine (Lair:1)
  2 orc warriors
  6 necrophages
  A sky beast (D:5)
  8 ice beasts
  A black bear (D:9)
  An ogre (D:3)
  4 centaurs
  3 crocodiles (Lair:1)
  A big kobold (D:9)
  3 bullfrogs
  A water moccasin zombie (D:6)
  Dowan (D:6)
  5 scorpions
  5 killer bees (D:7)
  9 wights
  5 howler monkeys
  3 bullfrog zombies (D:9)
  6 crimson imps
  A hound (D:6)
  4 jellies
  Crazy Yiuf (D:6)
  8 orc priests
  10 orc wizards
  3 bullfrog skeletons
  2 centaur skeletons
  9 worker ants
  An iguana (D:7)
  A hound zombie (D:9)
  2 hound skeletons (D:5)
  A howler monkey zombie (D:5)
  A mummy (D:9)
  A worker ant zombie (D:9)
  14 adders
  5 river rats (D:6)
  A shadow imp (D:8)
  12 white imps (Lair:1)
  12 oozes
  4 adder skeletons
  3 worms
  3 dart slugs
  11 leopard geckos
  33 orcs
  22 giant cockroaches
  12 goblins
  8 hobgoblins
  4 jackals
  3 quokkas
  10 ball pythons
  7 bats
  16 frilled lizards
  12 kobolds
  A quokka zombie (D:5)
  8 rats
  A plant (D:1)
339 creatures vanquished.

Vanquished Creatures (others)
  An orc priest (D:5)
  A leopard gecko (D:9)
  14 plants
16 creatures vanquished.

Grand Total: 355 creatures vanquished

Notes
Turn   | Place    | Note
-------+----------+-------------------------------------------
     0 | D:1      | Borgoz the Gargoyle Gladiator began the quest for the Orb.
     0 | D:1      | Reached XP level 1. HP: 12/12 MP: 1/1
   180 | D:1      | Reached XP level 2. HP: 10/18 MP: 2/2
   694 | D:1      | Reached skill level 1 in Armour
  1241 | D:2      | Reached XP level 3. HP: 22/22 MP: 3/3
  1380 | D:2      | Reached XP level 4. HP: 27/27 MP: 4/4
  1713 | D:2      | Reached skill level 4 in Staves
  2383 | D:3      | Reached XP level 5. HP: 31/32 MP: 5/5
  3054 | D:3      | Noticed an ogre
  3066 | D:3      | Killed an ogre
  3066 | D:3      | Reached XP level 6. HP: 10/38 MP: 6/6
  3360 | D:3      | Reached skill level 5 in Staves
  3714 | D:4      | Reached skill level 8 in Staves
  3714 | D:4      | Reached XP level 7. HP: 47/47 MP: 7/7
  3891 | D:4      | Found a transporter.
  4017 | D:4      | Found a transporter.
  4018 | D:4      | Noticed olaf's ghost (amateur DsAK)
  4021 | D:4      | Noticed a hungry ghost
  4420 | D:5      | Entered Level 5 of the Dungeon
  4428 | D:5      | Noticed Eustachio
  4460 | D:5      | Killed Eustachio
  4460 | D:5      | Reached skill level 9 in Staves
  4460 | D:5      | Reached XP level 8. HP: 9/52 MP: 8/8
  4944 | D:5      | Found a bloodstained altar of Trog.
  5100 | D:5      | Found a shadowy altar of Dithmenos.
  5153 | D:5      | Found a staircase to the Ecumenical Temple.
  5209 | Temple   | Entered the Ecumenical Temple
  5326 | Temple   | Became a worshipper of Makhleb the Destroyer
  5519 | D:6      | Noticed Dowan
  5519 | D:6      | Found an iron altar of Okawaru.
  5664 | D:6      | Found a glowing drain.
  5672 | Sewer    | Entered a sewer
  5779 | Sewer    | Reached * piety under Makhleb
  5984 | Sewer    | Reached ** piety under Makhleb
  5987 | Sewer    | Reached XP level 9. HP: 57/57 MP: 9/9
  6135 | D:6      | Found a runed translucent door.
  6136 | D:6      | Noticed Crazy Yiuf
  6302 | D:6      | Noticed Grinder
  6317 | D:6      | Killed Grinder
  6382 | D:6      | Noticed Duvessa
  6402 | D:6      | Killed Duvessa
  6405 | D:6      | Killed Dowan
  6521 | D:6      | Found an iron altar of Okawaru.
  6523 | D:6      | Found an opulent altar of Gozag.
  6529 | D:6      | Found a shimmering blue altar of Sif Muna.
  6529 | D:6      | Found an ancient bone altar of Kikubaaqudgha.
  6529 | D:6      | Found a basalt altar of Yredelemnul.
  6530 | D:6      | Found a glowing silver altar of Zin.
  6532 | D:6      | Found a blossoming altar of Fedhas.
  6533 | D:6      | Found a sacrificial altar of Ru.
  6536 | D:6      | Found a snail-covered altar of Cheibriados.
  6851 | D:6      | Killed Crazy Yiuf
  7545 | D:7      | Reached XP level 10. HP: 55/64 MP: 10/10
  8272 | D:7      | Reached *** piety under Makhleb
  8689 | D:8      | Reached skill level 10 in Staves
  8689 | D:8      | Reached skill level 1 in Evocations
 10060 | D:8      | Reached **** piety under Makhleb
 10227 | D:9      | Reached XP level 11. HP: 69/69 MP: 12/12
 10362 | D:9      | Found a glowing golden altar of the Shining One.
 10418 | D:9      | Found a staircase to the Lair.
 10725 | Lair:1   | Entered Level 1 of the Lair of Beasts
 10798 | Lair:1   | Noticed Harold
 10833 | Lair:1   | Killed Harold
 10847 | Lair:1   | Noticed a four-headed hydra
 10877 | Lair:1   | Killed a four-headed hydra
 10979 | Lair:1   | Found a frozen archway.
 11035 | IceCv    | Entered an ice cave
 11083 | IceCv    | Reached ***** piety under Makhleb
 11117 | IceCv    | Noticed a white ugly thing
 11134 | IceCv    | Killed a brown ugly thing
 11573 | IceCv    | Noticed a white ugly thing
 11796 | IceCv    | HP: 2/72 [ice statue] (7)]
 11797 | IceCv    | Killed from afar by an ice statue

Levels and vault maps discovered:
D:1:      roderic_crop_circles_arrival_small, layout_loops_corners,
          chequers_arboretum, due_unseen_surprise
D:2:      layout_loops_corners, first_ration
D:3:      layout_basic
D:4:      layout_cave_pods, gammafunk_ghost_mausoleum
D:5:      layout_cave_pools, kennysheep_mini_moat,
          nicolae_dithmenos_through_a_glass_darkly,
          minmay_temple_entry_nine_rooms, uniq_eustachio
D:6:      wad_woods_stonehenge, layout_rooms, minitemple,
          gup_sewer_entry_spiral, uniq_duvessa, uniq_crazy_yiuf_cottage,
          uniq_grinder
D:7:      layout_basic
D:8:      layout_basic
D:9:      layout_roguey, tso_oasis_becter, david_lair_shrubbed, serial_undead,
          serial_undead_d, serial_undead_f, serial_undead_e, serial_undead_a
Temple:   eino_temple_lava
Lair:1:   layout_misc_corridors, portal_ice_cave_entry_imps, uniq_harold
IceCv:    ice_cave_statue_garden_chambered

Skill      XL: |  1  2  3  4  5  6  7  8  9 10 11 |
---------------+----------------------------------+-----
Armour         | 1 2 6 7 8 9 |  9.5
Staves         | 4 8 9 10 | 10.9
Fighting       | 3 6 7 8 9 |  9.9
Dodging        | 3 6 7 8 |  8.9
Evocations     | 2 4 |  4.2
Throwing       | |  1.7

Action                   |  1- 3 |  4- 6 |  7- 9 | 10-12 || total
-------------------------+-------+-------+-------+-------++-------
Melee: Quarterstaff      |   119 |   228 |   568 |   897 ||  1812
Throw: Throwing net      |       |     3 |       |     2 ||     5
 Abil: Evoke Berserk Rag |       |       |       |     1 ||     1
Evoke: Wand              |       |       |       |     1 ||     1
  Use: Scroll            |       |     8 |     7 |     4 ||    19
       Potion            |       |     1 |     2 |     4 ||     7
 Stab: Held in net/web   |       |       |       |     1 ||     1
  Eat: Chunk             |     2 |     7 |    14 |    12 ||    35
       Ration            |       |       |       |     1 ||     1
Armor: Leather armour    |     9 |       |       |       ||     9
       Scale mail        |    18 |       |       |   365 ||   383
       Plate armour      |    28 |   208 |   403 |   274 ||   913
       Skin              |       |       |     1 |       ||     1
Dodge: Dodged            |    48 |    96 |   285 |   590 ||  1019

Table legend:
 A = Non-vault XP
 B = Vault XP
 C = Vault XP percentage of total XP
 D = Non-vault monster count
 E = Vault monster count
 F = Vault count percentage of total count
                 A         B        C        D         E       F
            +---------+---------+-------+---------+---------+-------
      Total |   11424 |    5778 |  33.6 |     237 |     102 |  30.1
            +---------+---------+-------+---------+---------+-------
        D:1 |      33 |       0 |   0.0 |      20 |       0 |   0.0
        D:2 |     104 |       0 |   0.0 |      32 |       0 |   0.0
        D:3 |     310 |       0 |   0.0 |      36 |       0 |   0.0
        D:4 |      49 |       0 |   0.0 |       6 |       0 |   0.0
        D:5 |     698 |     214 |  23.5 |      32 |       1 |   3.0
        D:6 |    1649 |     645 |  28.1 |      21 |      14 |  40.0
        D:7 |    1337 |       0 |   0.0 |      24 |       0 |   0.0
        D:8 |    1501 |     121 |   7.5 |      24 |       1 |   4.0
        D:9 |    1588 |    1215 |  43.3 |      28 |      13 |  31.7
     Lair:1 |    4155 |    1103 |  21.0 |      14 |      13 |  48.1
      Sewer |       0 |     268 | 100.0 |       0 |      51 | 100.0
      IceCv |       0 |    2212 | 100.0 |       0 |       9 | 100.0
            +---------+---------+-------+---------+---------+-------
